 Dungeon Crawl Stone Soup version 0.21-a0-552-g593960d (webtiles) character file.

2768 slep the Cleaver (level 9, -1/50 HPs)
             Began as a Vine Stalker Gladiator on Dec 17, 2017.
             Was a Believer of Okawaru.
             Shot with a sling bullet by Joseph (5 damage)
             ... on level 7 of the Dungeon.
             The game lasted 00:19:42 (4400 turns).

slep the Cleaver (Vine Stalker Gladiator)           Turns: 4400, Time: 00:19:44

Health: -1/50      AC: 10    Str: 19    XL:     9   Next: 69%
Magic:  0/11       EV: 12    Int:  8    God:    Okawaru [**....]
Gold:   225        SH:  0    Dex: 19    Spells: 8/8 levels left

rFire    . . .     SeeInvis .   E - -3 battleaxe (curse)
rCold    . . .     Gourm    .   (shield currently unavailable)
rNeg     . . .     Faith    .   R - +0 scale mail (curse)
rPois    .         Spirit   +   c - +0 helmet
rElec    .         Reflect  .   (no cloak)
rCorr    .         Harm     .   q - +0 pair of gloves
MR       +....     Clarity  +   F - +0 pair of boots
Stlth    +.........             l - amulet of regeneration
HPRegen  0.96/turn              (no ring)
MPRegen  0.12/turn              (no ring)

@: no status effects
A: fangs 3, blurry vision 1, clarity, high mp 1, regeneration 1, robust 1,
strong 1, magic shield, antimagic bite, no potion heal 3, rot immunity
a: Heroism, Renounce Religion


You were on level 7 of the Dungeon.
You worshipped Okawaru.
Okawaru was pleased with you.
You were near starving.

You visited 2 branches of the dungeon, and saw 8 of its levels.
You also visited: Ossuary.

You collected 225 gold pieces.

Inventory:

Hand Weapons
 a - a +0 war axe
 r - a +0 trident of freezing
 x - a +0 blowgun
 E - a cursed -3 battleaxe (weapon)
Missiles
 d - 3 throwing nets
 t - 40 poisoned needles
 z - 3 tomahawks of returning (quivered)
Armour
 c - a +0 helmet (worn)
 e - a +0 ring mail of poison resistance
 q - a +0 pair of gloves (worn)
 F - a +0 pair of boots (worn)
 R - a cursed +0 scale mail (worn)
Jewellery
 l - an amulet of regeneration (around neck)
Wands
 o - a wand of paralysis (15)
 D - a wand of polymorph (15)
Scrolls
 i - 4 scrolls of blinking {unknown}
 k - 3 scrolls of amnesia {unknown}
 m - 4 scrolls of identify {unknown}
 p - 3 scrolls of magic mapping {unknown}
 u - a scroll of teleportation {unknown}
 v - 2 scrolls of enchant weapon {unknown}
 y - 4 scrolls of enchant armour {unknown}
 A - a scroll of fear {unknown}
 B - 4 scrolls of remove curse {unknown}
 J - 2 scrolls of noise {unknown}
 K - a scroll of acquirement {unknown}
 N - 2 scrolls of immolation {unknown}
 P - 4 scrolls of random uselessness {unknown}
Potions
 g - 5 potions of flight
 n - 4 potions of curing
 s - 2 potions of berserk rage
 C - a potion of lignification {unknown}
 G - 2 potions of resistance {unknown}
 H - 2 potions of ambrosia {unknown}
 I - 4 potions of degeneration {unknown}
 L - a potion of agility {unknown}
 M - a potion of invisibility {unknown}
 O - a potion of mutation {unknown}
 Q - a potion of magic {unknown}
Comestibles
 f - 6 bread rations
 h - 5 meat rations
 j - a royal jelly


   Skills:
 + Level 4.7 Fighting
 + Level 9.2 Axes
 + Level 2.1 Throwing
 + Level 4.5 Armour
 + Level 4.0 Dodging
 + Level 2.6 Stealth
 + Level 0.3 Evocations


You had 8 spell levels left.
You didn't know any spells.

Dungeon Overview and Level Annotations

Branches:
Dungeon (7/15)             Temple (1/1) D:5

Altars:
Ashenzari
Cheibriados
Dithmenos
Elyvilon
Fedhas
Gozag
Hepliaklqana
Kikubaaqudgha
Makhleb
Nemelex Xobeh
Okawaru
Qazlal
Ru
Sif Muna
Trog
Uskayaw
Vehumet
Wu Jian
Xom
Yredelemnul
Zin
The Shining One

Shops:
D:6 (

Annotations:
D:7 Joseph


Innate Abilities, Weirdness & Mutations

You have razor-sharp teeth.
Your natural rate of healing is unusually fast.
When hurt, damage is shared between your health and your magic reserves.
Your bite disrupts and absorbs the magic of your enemies.
Potions cannot restore your health.
You are immune to rotting.
Scrolls take you a little longer to read.
You possess an exceptional clarity of mind.
You have an increased reservoir of magic. (+10% MP)
You are robust. (+10% HP)
Your muscles are strong. (Str +2)


Message History

You feel invigorated.
The troll is severely wounded.
You hit the quokka but do no damage. You slash Joseph!
Joseph unwields an uncursed hunting sling.
Joseph wields an uncursed quarterstaff.
Joseph hits you with an uncursed quarterstaff.
Joseph hits you but does no damage.
The quokka bites you but does no damage.
The troll bites you. The troll claws you!
* * * LOW HITPOINT WARNING * * *
The troll claws you!
* * * LOW HITPOINT WARNING * * *
Joseph unwields an uncursed quarterstaff.
Joseph wields an uncursed hunting sling.
Joseph shoots a sling bullet.
The sling bullet hits you but does no damage.
You see here a sling bullet.
Joseph shoots a sling bullet.
The sling bullet misses you.
Joseph shoots a sling bullet.
The sling bullet hits you.
You die...

#### .. #.... ###.
#....##.. .......###
. #.##.... ... #
####.....###....
#.####.....#.........
.(.(......@<.).....#
........T.r.........#
......[.(...........#
.##...@.............
#......?(......:..
.....................
..................(.#
..............(......
.................


You could see Joseph, a troll and a quokka.

Vanquished Creatures
  Grinder (D:6)
  The ghost of Eb the Firebug, an amateur BaFE (D:4)
  2 orc warriors (D:5)
  2 sky beasts (D:5)
  4 ice beasts
  6 ogres
  A centaur (D:6)
  2 bullfrogs (D:6)
  2 scorpions
  A howler monkey (D:6)
  2 human zombies (Ossuary)
  A hound (D:5)
  A jelly (D:5)
  A centaur skeleton (D:6)
  2 orc priests
  2 iguanas
  Natasha (thrice) (D:4)
  5 orc wizards
  3 worker ants
  A hound skeleton (D:5)
  4 mummies (Ossuary)
  4 gnolls (D:5)
  9 adders
  2 oozes
  3 worms
  A dart slug (D:1)
  4 leopard geckos
  16 orcs
  3 giant cockroaches
  8 goblins
  4 hobgoblins
  2 jackals (D:6)
  2 kobolds (D:3)
  3 quokkas
  3 ball pythons
  6 bats
  4 frilled lizards
  A gnoll zombie (Ossuary)
  A hobgoblin zombie (Ossuary)
  A kobold zombie (Ossuary)
  3 orc zombies (Ossuary)
  12 rats
  A plant (D:3)
140 creatures vanquished.

Notes
Turn   | Place    | Note
-------+----------+-------------------------------------------
     0 | D:1      | slep the Vine Stalker Gladiator began the quest for the Orb.
     0 | D:1      | Reached XP level 1. HP: 11/11 MP: 2/2
    97 | D:1      | Reached XP level 2. HP: 15/15 MP: 3/3
   113 | D:1      | Reached skill level 3 in Axes
   684 | D:1      | Reached XP level 3. HP: 18/18 MP: 4/4
   832 | D:2      | Found a blossoming altar of Fedhas.
  1064 | D:2      | Gained mutation: Your natural rate of healing is unusually fast. [Vine Stalker growth]
  1064 | D:2      | Reached XP level 4. HP: 10/23 MP: 5/5
  1067 | D:2      | Reached skill level 1 in Armour
  1118 | D:2      | Found a snail-covered altar of Cheibriados.
  1131 | D:2      | Found a burning altar of Makhleb.
  1367 | D:3      | Reached skill level 4 in Axes
  1475 | D:3      | Reached XP level 5. HP: 26/26 MP: 6/6
  1795 | D:3      | Found a bloodstained altar of Trog.
  1797 | D:3      | Found a sparkling altar of Nemelex Xobeh.
  1798 | D:3      | Found a blossoming altar of Fedhas.
  1927 | D:4      | Noticed Eb's ghost (amateur BaFE)
  1949 | D:4      | Killed Eb's ghost
  1949 | D:4      | Reached XP level 6. HP: 16/32 MP: 3/7
  2136 | D:4      | Found a shattered altar of Ashenzari.
  2158 | D:4      | Reached skill level 5 in Axes
  2174 | D:4      | Noticed an ice beast
  2189 | D:4      | Killed an ice beast
  2189 | D:4      | Reached XP level 7. HP: 24/36 MP: 5/8
  2242 | D:4      | Noticed Natasha
  2248 | D:4      | Killed Natasha
  2255 | D:4      | Reached skill level 1 in Stealth
  2534 | D:4      | Noticed Natasha
  2539 | D:4      | Killed Natasha
  2566 | D:5      | Entered Level 5 of the Dungeon
  2599 | D:4      | Noticed Natasha
  2601 | D:4      | Killed Natasha
  2601 | D:4      | Reached skill level 6 in Axes
  2670 | D:5      | Gained mutation: You possess an exceptional clarity of mind. [mutagenic meat]
  2671 | D:5      | Gained mutation: You have an increased reservoir of magic. (+10% MP) [mutagenic meat]
  2672 | D:5      | Gained mutation: Your muscles are strong. (Str +2) [mutagenic meat]
  2673 | D:5      | Gained mutation: You are robust. (+10% HP) [mutagenic meat]
  2674 | D:5      | Gained mutation: Scrolls take you a little longer to read. [mutagenic meat]
  2703 | D:5      | Gained mutation: You have razor-sharp teeth. [Vine Stalker growth]
  2703 | D:5      | Reached XP level 8. HP: 45/45 MP: 9/9
  2870 | D:5      | Reached skill level 7 in Axes
  3059 | D:5      | Found a staircase to the Ecumenical Temple.
  3076 | Temple   | Entered the Ecumenical Temple
  3222 | Temple   | Became a worshipper of Warmaster Okawaru
  3669 | D:6      | Reached skill level 8 in Axes
  3672 | D:6      | Reached XP level 9. HP: 18/49 MP: 11/11
  3674 | D:6      | Reached * piety under Okawaru
  3755 | D:6      | Found Ypho's Antique Weapon Shoppe.
  3845 | D:6      | Noticed Grinder
  3862 | D:6      | Killed Grinder
  3869 | D:6      | Found a sand-covered staircase.
  3874 | Ossuary  | Entered an ossuary
  3892 | Ossuary  | Reached skill level 9 in Axes
  4104 | D:6      | Found a shadowy altar of Dithmenos.
  4286 | D:6      | Found an iron altar of Okawaru.
  4388 | D:7      | Reached ** piety under Okawaru
  4389 | D:7      | Noticed a troll
  4390 | D:7      | Noticed Joseph
  4397 | D:7      | HP: 1/50 [troll (9)]
  4400 | D:7      | Shot with a sling bullet by Joseph

Vault maps used:
D:1:      matt_arrival_spirals, minmay_bisected
D:2:      amethyst_overflow_temple_binary, fedhas_altar_3
D:3:      gammafunk_temple_overflow_forgotten
D:4:      kennysheep_mini_moat, solitary_fountain, uniq_natasha
D:5:      minmay_temple_entry_glass, first_bread
D:6:      nicolae_dithmenos_through_a_glass_darkly,
          nicolae_ossuary_entry_false_entrances, minmay_shop_grid_forest,
          okawaru_trees_1, uniq_grinder
D:7:      evilmike_ruin_ashenzari, uniq_joseph
Temple:   regret_index_temple_generic_petals
Ossuary:  ossuary_crypta

Skill      XL: |  1  2  3  4  5  6  7  8  9 |
---------------+----------------------------+-----
Axes           | 3 4 5 6 8 9 |  9.2
Fighting       | 2 3 4 |  4.7
Armour         | 1 2 3 4 |  4.5
Dodging        | 3 4 |  4.0
Stealth        | 2 |  2.6
Throwing       | 2 |  2.1
Evocations     | |  0.3

Action                   |  1- 3 |  4- 6 |  7- 9 || total
-------------------------+-------+-------+-------++-------
Melee: War axe           |    79 |   115 |   145 ||   339
       Bite              |    11 |    33 |   107 ||   151
       Battleaxe         |       |       |    90 ||    90
Throw: Tomahawk          |       |       |     8 ||     8
Evoke: Wand              |       |       |     1 ||     1
  Use: Potion            |       |     2 |     2 ||     4
 Stab: Paralysed         |       |       |     1 ||     1
       Sleeping          |       |       |     2 ||     2
       Distracted        |       |       |     1 ||     1
  Eat: Chunk             |     1 |     3 |    11 ||    15
Armor: Ring mail         |    23 |    26 |    68 ||   117
       Scale mail        |       |       |     7 ||     7
Dodge: Dodged            |    65 |    57 |   180 ||   302

Table legend:
 A = Spawn XP
 B = Non-spawn XP
 C = Spawn XP percentage of total XP
 D = Spawn monster count
 E = Non-spawn monster count
 F = Spawn count percentage of total count
 G = Total turns spent on level
                    A         B        C        D         E        F      G
               +---------+---------+-------+---------+---------+-------+---------
         Total |       0 |    3955 |   0.0 |       0 |     139 |   0.0 |  4400
               +---------+---------+-------+---------+---------+-------+---------
           D:1 |       0 |      39 |   0.0 |       0 |      22 |   0.0 |   832
           D:2 |       0 |      62 |   0.0 |       0 |      20 |   0.0 |   475
           D:3 |       0 |     121 |   0.0 |       0 |      21 |   0.0 |   549
           D:4 |       0 |     784 |   0.0 |       0 |      12 |   0.0 |   717
           D:5 |       0 |    1208 |   0.0 |       0 |      22 |   0.0 |   818
           D:6 |       0 |    1328 |   0.0 |       0 |      27 |   0.0 |   484
           D:7 |       0 |     243 |   0.0 |       0 |       2 |   0.0 |    21
        Temple |       0 |       3 |   0.0 |       0 |       1 |   0.0 |   288
       Ossuary |       0 |     167 |   0.0 |       0 |      12 |   0.0 |   216
               +---------+---------+-------+---------+---------+-------+---------
